Map: Cactus Valley LE (Void)

Players

Harstem - Winner!

  • Race: Protoss Protoss
  • Spawn Location: 11:00

TYTY (TY)

  • Race: Terran Terran
  • Spawn Location: 5:00

Event: IEM XI Katowice - World Championship 2017

VOD

Have the link to the VOD?

Description

Time

  • Played on: March 2, 2017, 12:08 p.m.
  • Length: 13:12

All games in this series

Show
View Real Time Build Order
Export as new Build Order

Harstem Protoss - Winner!

Build Orders: Oracle Opening, Colossus Rush 

Get SALT Encoding   

  12  0:00  Probe (Chrono Boost)  
  13  0:11  Probe (Chrono Boost)  
  14  0:17  Pylon  
  14  0:22  Probe (Chrono Boost)  
  16  0:35  Probe (Chrono Boost)  
  16  0:37  Gateway  
  16  0:46  Probe (Chrono Boost)  
  16  0:47  Assimilator  
  17  0:56  Probe (Chrono Boost)  
  18  1:07  Pylon, Probe (Chrono Boost)  
  19  1:18  Probe (Chrono Boost)  
  20  1:24  Cybernetics Core  
  22  1:30  Probe (Chrono Boost)  
  23  1:42  Probe (Chrono Boost)  
  22  1:50  Nexus  
  22  1:52  Assimilator  
  22  1:55  Probe (Chrono Boost)  
  23  2:06  Probe (Chrono Boost)  
  24  2:17  Stargate  
  24  2:18  Probe (Chrono Boost)  
  24  2:22  Adept  
  28  2:30  Probe (Chrono Boost)  
  28  2:35  Warp Gate  
  28  2:42  Probe (Chrono Boost)  
  29  2:53  Probe (Chrono Boost)  
  29  2:56  Oracle  
  30  3:04  Probe (Chrono Boost)  
  30  3:05  Probe (Chrono Boost)  
  35  3:14  Probe (Chrono Boost)  
  35  3:17  Probe (Chrono Boost)  
  37  3:25  Probe (Chrono Boost)  
  38  3:28  Oracle  
  38  3:29  Probe (Chrono Boost)  
  38  3:30  Nexus  
  42  3:36  Pylon  
  43  3:42  Probe (Chrono Boost)  
  43  3:44  Probe (Chrono Boost)  
  44  3:50  Robotics Facility  
  44  3:52  Assimilator  
  44  3:53  Probe (Chrono Boost)  
  45  3:56  Assimilator  
  45  3:57  Probe (Chrono Boost)  
  46  4:08  Probe (Chrono Boost)  
  46  4:09  Probe (Chrono Boost)  
  48  4:18  Probe (Chrono Boost)  
  48  4:19  Probe (Chrono Boost)  
  48  4:20  Gateway  
  48  4:21  Gateway  
  48  4:23  Pylon  
  50  4:29  Probe (Chrono Boost)  
  50  4:30  Probe (Chrono Boost)  
  52  4:37  Immortal  
  52  4:40  Probe (Chrono Boost)  
  52  4:43  Probe (Chrono Boost)  
  52  4:44  Robotics Bay  
  55  4:48  Probe (Chrono Boost)  
  55  4:50  Sentry  
  59  4:54  Probe (Chrono Boost)  
  59  4:59  Probe (Chrono Boost)  
  62  5:00  Mothership Core (Chrono Boost)  
  62  5:04  Probe (Chrono Boost)  
  63  5:09  Probe (Chrono Boost)  
  64  5:15  Probe (Chrono Boost)  
  64  5:18  Adept x3  
  64  5:20  Probe x2 (Chrono Boost)  
  73  5:25  Probe (Chrono Boost)  
  73  5:26  Pylon  
  73  5:27  Pylon  
  74  5:32  Probe (Chrono Boost)  
  74  5:33  Probe (Chrono Boost)  
  76  5:36  Probe (Chrono Boost)  
  76  5:39  Colossus  
  76  5:41  Pylon, Void Ray  
  76  5:44  Probe (Chrono Boost)  
  76  5:46  Sentry  
  76  5:47  Pylon  
  76  5:49  Adept  
  90  5:51  Adept  
  90  5:56  Probe (Chrono Boost)  
  93  5:59  Probe (Chrono Boost)  
  93  6:01  Pylon  
  94  6:05  Pylon  
  94  6:08  Extended Thermal Lance  
  94  6:09  Adept  
  94  6:11  Adept  
  94  6:14  Pylon  
  94  6:15  Probe (Chrono Boost)  
  94  6:18  Adept  
  99  6:20  Probe (Chrono Boost)  
  99  6:21  Assimilator  
  99  6:24  Assimilator, Forge  
  100  6:30  Sentry  
  100  6:32  Stalker  
  104  6:34  Pylon  
  104  6:37  Pylon  
  105  6:41  Probe (Chrono Boost)  
  105  6:43  Probe (Chrono Boost)  
  106  6:50  Stalker  
  106  6:51  Colossus  
  109  6:55  Probe (Chrono Boost)  
  109  6:56  Adept  
  109  6:57  Adept  
  109  6:58  Protoss Ground Weapons Level 1  
  116  7:01  Probe x2 (Chrono Boost)  
  116  7:03  Photon Cannon  
  116  7:06  Forge  
  116  7:07  Twilight Council  
  118  7:08  Probe (Chrono Boost)  
  118  7:14  Pylon  
  118  7:16  Stalker x2  
  118  7:17  Stalker  
  124  7:28  Probe (Chrono Boost)  
  125  7:31  Gateway  
  125  7:34  Blink, Gateway  
  125  7:36  Gateway  
  125  7:40  Colossus  
  125  7:42  Stalker x2  
  129  7:45  Protoss Ground Armor Level 1  
  129  7:48  Pylon  
  135  7:54  Pylon  
  135  8:04  Stalker  
  137  8:14  Stalker x2  
  137  8:15  Probe (Chrono Boost)  
  137  8:17  Pylon  
  142  8:29  Colossus  
  142  8:30  Stalker x2  
  142  8:33  Stalker x2  
  156  8:42  Adept x2  
  156  8:45  Pylon  
  160  8:48  Protoss Ground Weapons Level 2  
  160  8:59  Stalker x3  
  166  9:05  Stalker x2  
  166  9:06  Stalker  
  170  9:17  Observer Gravitic Boosters  
  170  9:20  Observer  
  170  9:22  Resonating Glaives, Pylon, Probe (Chrono Boost)  
  172  9:29  Pylon, Protoss Ground Armor Level 2  
  172  9:30  Gateway  
  172  9:33  Pylon  
  172  9:35  Adept x4  
  172  9:37  Gateway  
  179  9:54  Disruptor  
  182  10:02  Nexus  
  178  10:13  Pylon, Adept x6  
  186  10:27  Pylon  
  186  10:28  Assimilator  
  186  10:29  Disruptor  
  186  10:32  Assimilator  
  187  10:39  Adept  
  183  10:53  Stalker x5  
  181  11:05  Disruptor  
  181  11:09  Adept  
  164  11:17  Probe (Chrono Boost)  
  159  11:18  Stalker x4  
  159  11:19  Stalker  
  159  11:21  Probe x2 (Chrono Boost)  
  159  11:22  Probe (Chrono Boost)  
  159  11:25  Dark Shrine  
  170  11:29  Probe (Chrono Boost)  
  169  11:36  Stalker  
  169  11:39  Probe (Chrono Boost)  
  169  11:41  Disruptor, Gateway, Probe (Chrono Boost)  
  169  11:42  Photon Cannon  
  169  11:43  Gateway  
  169  11:45  Photon Cannon  
  172  11:47  Adept x3  
  172  11:48  Adept x4  
  187  11:54  Probe (Chrono Boost)  
  187  11:55  Photon Cannon  
  187  11:56  Pylon  
  187  12:05  Pylon  
  181  12:13  Stalker x6  
  181  12:14  Stalker  
  195  12:27  Disruptor  
  196  12:30  Stalker  
  168  12:45  Stalker x5  
  161  12:55  Adept  
  161  12:56  Adept x2  
  162  13:09  Adept x5  
Show
View Real Time Build Order
Export as new Build Order

TYTY Terran 

Build Orders: Command Center First (CC), MMM Bio 

Get SALT Encoding   

  12  0:00  SCV  
  13  0:12  SCV  
  14  0:17  Supply Depot  
  14  0:24  SCV  
  15  0:39  SCV  
  16  0:51  SCV  
  17  1:00  Command Center  
  17  1:03  SCV  
  18  1:15  SCV  
  18  1:17  Barracks  
  19  1:27  Barracks  
  19  1:30  SCV  
  20  1:40  Barracks  
  20  1:43  SCV  
  21  1:55  SCV  
  22  2:05  Marine  
  22  2:08  Orbital Command  
  23  2:12  Orbital Command  
  23  2:14  Marine  
  24  2:23  Marine  
  24  2:27  Marine  
  26  2:32  Marine  
  26  2:33  Refinery, SCV  
  26  2:34  Refinery  
  28  2:38  SCV  
  28  2:42  Marine  
  30  2:45  Marine, Supply Depot  
  30  2:47  SCV  
  30  2:50  SCV  
  33  2:53  Marine  
  34  2:59  SCV  
  34  3:02  SCV  
  34  3:04  Engineering Bay, Barracks Tech Lab  
  34  3:05  Marine  
  37  3:10  Marine  
  37  3:11  SCV  
  39  3:16  SCV  
  39  3:18  Supply Depot  
  40  3:23  SCV  
  40  3:24  Stimpack  
  41  3:28  SCV  
  41  3:30  Missile Turret  
  41  3:31  Barracks Reactor  
  42  3:35  SCV  
  42  3:37  Marine  
  42  3:40  SCV, Barracks Reactor  
  45  3:47  SCV  
  45  3:48  Missile Turret  
  45  3:52  SCV  
  45  3:53  Refinery  
  45  3:55  Marine  
  47  4:01  Factory  
  47  4:08  Marine x2, SCV  
  47  4:13  Marine, SCV  
  49  4:17  Marine  
  49  4:20  Supply Depot, SCV  
  49  4:21  Terran Infantry Weapons Level 1  
  52  4:25  SCV  
  52  4:26  Marine  
  54  4:34  SCV  
  54  4:42  Marine x3, SCV  
  58  4:45  Marine  
  58  4:46  SCV  
  58  4:49  Supply Depot  
  58  4:51  Supply Depot  
  61  4:54  SCV  
  61  4:56  Starport, Factory Reactor  
  61  4:59  SCV  
  62  5:08  Supply Depot  
  62  5:10  Marine x4  
  62  5:11  Marauder  
  68  5:14  Supply Depot  
  68  5:16  SCV  
  68  5:21  SCV  
  69  5:26  Combat Shields  
  69  5:27  Command Center  
  69  5:28  Marine, SCV  
  70  5:33  SCV  
  72  5:40  SCV, Medivac x2  
  77  5:45  Marine x4  
  77  5:46  Factory Reactor  
  82  5:53  Supply Depot  
  80  6:03  Barracks  
  80  6:04  Barracks  
  80  6:07  Marine, Marauder  
  80  6:08  Marine x3  
  80  6:10  Medivac  
  88  6:15  Medivac  
  90  6:18  Terran Infantry Armor Level 1  
  90  6:24  Widow Mine x2  
  90  6:25  Marine  
  95  6:26  Marine x2  
  95  6:27  Refinery  
  95  6:28  SCV x2  
  99  6:33  Supply Depot  
  99  6:36  Supply Depot  
  99  6:40  Medivac  
  99  6:43  Marine  
  103  6:47  SCV x2  
  104  6:55  Barracks Tech Lab, Barracks Reactor  
  96  7:03  Widow Mine  
  96  7:04  Widow Mine  
  96  7:05  Medivac  
  96  7:06  SCV x2  
  96  7:07  Orbital Command  
  102  7:14  Barracks Tech Lab  
  102  7:15  Marine x3, Marauder x2  
  109  7:18  SCV x2  
  111  7:27  Refinery  
  111  7:28  Starport  
  111  7:30  SCV x2  
  111  7:34  Marauder  
  111  7:35  Marine  
  111  7:36  Marine x2, Marauder  
  120  7:37  Viking x2  
  120  7:42  SCV  
  127  7:44  Marine  
  127  7:48  Supply Depot  
  126  7:51  Armory, Engineering Bay  
  126  7:58  Marine x2  
  127  8:07  Viking x2  
  131  8:15  SCV x2  
  131  8:17  Supply Depot, Command Center  
  133  8:21  Missile Turret  
  133  8:22  Viking  
  133  8:23  Viking  
  141  8:37  Terran Infantry Weapons Level 2, Terran Infantry Armor Level 2  
  141  8:39  Viking  
  139  8:41  Supply Depot  
  139  8:42  Viking  
  141  8:49  SCV  
  141  8:51  Ghost Academy  
  141  8:53  Viking  
  146  8:57  Viking, Refinery  
  145  9:05  Concussive Shells  
  145  9:09  Marine x3, Viking  
  151  9:25  Ghost x2  
  151  9:27  Ghost  
  151  9:28  SCV x2  
  158  9:31  Supply Depot, Barracks  
  158  9:32  Barracks  
  158  9:33  Barracks  
  158  9:35  Planetary Fortress  
  158  9:36  Marine x2  
  159  9:39  Marine x2  
  167  9:53  SCV x2  
  167  9:54  Marine  
  167  9:56  Liberator x3  
  167  9:59  Liberator  
  163  10:03  Marine x3, Marauder x2  
  163  10:04  Missile Turret  
  173  10:14  Marine x2  
  173  10:18  SCV  
  173  10:20  Marine, Refinery  
  180  10:23  Supply Depot, Barracks Tech Lab x2  
  180  10:24  Supply Depot  
  180  10:25  Barracks Reactor  
  180  10:45  Marine x4, Marauder x2  
  180  10:46  Marine x3  
  189  11:02  Marine x2  
  189  11:03  Marauder x2  
  176  11:06  SCV x2  
  176  11:08  Marine x2, Marauder x2  
  145  11:14  Marine x3  
  145  11:17  Viking  
  145  11:18  Viking x3  
  133  11:20  Marine  
  134  11:27  Marine x3  
  138  11:32  Marauder  
  138  11:38  Marauder x2  
  138  11:44  SCV  
  139  11:49  Viking  
  139  11:50  Viking  
  139  11:51  Viking  
  143  11:57  Viking  
  138  12:09  Marauder x2  
  140  12:19  Marine x4, Viking x2, Marauder x2  
  149  12:27  Viking  
  139  12:41  Marine x4, Marauder x2  
  116  12:47  Marine x3  
  116  12:49  SCV x2  
  116  12:51  Marine x2  

Tags
 
Add a new tag
Caveats
  • Supply blocks, unpowered buildings, or Contaminate may cause inaccurate times.
  • Supply counts are checked every 10 seconds.